 Dungeon Crawl Stone Soup version 0.28.0-45-g0d030f2227 (webtiles) character file.

Game seed: 17653303044385380328

10995 Kaptain the Geomancer (level 11, -7/69 HPs)
             Began as a Gargoyle Earth Elementalist on Apr 6, 2022.
             Mangled by a two-headed ogre
             ... wielding a +0 giant club
              (17 damage)
             ... on level 10 of the Dungeon.
             The game lasted 00:26:57 (16459 turns).

Kaptain the Geomancer (GrEE)                       Turns: 16459, Time: 00:26:57

Health: -7/69      AC: 23    Str: 12    XL:     11   Next: 70%
Magic:  24/31      EV: 11    Int: 21    God:
Gold:   358        SH:  9    Dex: 16    Spells: 21/25 levels left

rFire   + . .      SeeInvis .   c - +4 falchion
rCold   . . .      Faith    .   m - +4 buckler of Jaahif {Int-2 Dex+6}
rNeg    + + .      Spirit   .   O - +3 ring mail "Inibaq" {rN+}
rPois   ∞          Reflect  .   f - +2 helmet {Int+3}
rElec   +          Harm     .   x - +0 cloak
rCorr   .          Rampage  .   (no gloves)
Will    .....                   s - +0 pair of boots of Narcissism {rPois}
Stlth   ++........              (no amulet)
HPRegen 0.21/turn               e - ring of protection from fire
MPRegen 0.22/turn               i - ring of magical power

@: hasted, very quick
A: sickness immunity, AC +8, negative energy resistance 1, electricity
resistance, torment resistance 1, petrification resistance
a: no special abilities


You were on level 10 of the Dungeon.
You visited 2 branches of the dungeon, and saw 12 of its levels.
You also visited: Ossuary and Bailey.

You collected 538 gold pieces.
You spent 180 gold pieces at shops.

Inventory:

Hand Weapons
 c - a +4 falchion (weapon)
 j - a +0 hunting sling
 D - a +0 morningstar
Missiles
 l - 4 javelins
 w - 177 stones
 y - 58 sling bullets
Armour
 b - a +0 robe of the Archmagi
 f - a +2 helmet of intelligence (worn)
 m - the +4 buckler of Jaahif (worn) {Int-2 Dex+6}
   (You took it off a hobgoblin on level 4 of the Dungeon)

   Int:       It affects your intelligence (-2).
   Dex:       It affects your dexterity (+6).
 s - the +0 pair of boots of Narcissism (worn) {rPois}
   (You found it on level 3 of the Dungeon)

   rPois:     It protects you from poison.
 v - a +2 robe of willpower
 x - a +0 cloak (worn)
 E - a +3 plate armour of fire resistance
 F - a +2 leather armour of fire resistance
 G - a +2 leather armour of cold resistance
 O - the +3 ring mail "Inibaq" (worn) {rN+}
   (You found it on level 8 of the Dungeon)

   rN:        It protects you from negative energy.
Magical Staves
 o - a staff of fire
Jewellery
 a - a +6 ring of intelligence
 e - a ring of protection from fire (left hand)
 i - a ring of magical power (right hand)
 z - a ring of wizardry
 C - a +4 ring of evasion
 I - a ring of see invisible
 U - a ring of protection from fire
Wands
 B - a wand of acid (18)
 J - a wand of iceblast (24)
 L - a wand of paralysis (17)
Scrolls
 d - a scroll of enchant weapon
 k - a scroll of summoning
 n - a scroll of magic mapping
 q - 5 scrolls of teleportation
 H - 5 scrolls of identify
 K - 2 scrolls of enchant armour
 M - a scroll of immolation
 S - 3 scrolls of amnesia {unknown}
Potions
 g - 3 potions of ambrosia
 h - a potion of haste
 p - 2 potions of cancellation
 r - 4 potions of magic
 t - 2 potions of mutation
 A - 5 potions of curing
 N - a potion of brilliance {unknown}
 P - a potion of might {unknown}
 Q - a potion of berserk rage {unknown}
 T - a potion of flight {unknown}
Miscellaneous
 u - a condenser vane
 R - a tin of tremorstones (2/2)


   Skills:
 * Level 8.7 Fighting
 + Level 6.0 Armour
 + Level 3.1 Dodging
 + Level 3.8 Stealth
 - Level 5.2 Shields
 * Level 7.7 Spellcasting
 * Level 8.7 Conjurations
 - Level 0.7 Transmutations
 * Level 10.3 Earth Magic


You had 21 spell levels left.
You knew the following spells:

 Your Spells              Type           Power      Damage    Failure   Level
a - Sandblast             Erth           100%       2d20      1%          1
b - Stone Arrow           Conj/Erth      96%        3d13      1%          3

Your spell library contained the following spells:

 Spells                   Type           Power      Damage    Failure   Level
 Passwall                 Tmut/Erth      25%        N/A       3%          2
 Static Discharge         Conj/Air       26%        N/A       5%          2
 Mephitic Cloud           Conj/Pois/Air  20%        N/A       21%         3
 Petrify                  Tmut/Erth      31%        N/A       22%         4
 Animate Armour           Summ/Erth      58%        N/A       26%         4
 Ensorcelled Hibernation  Hex/Ice        16%        N/A       32%         2
 Spider Form              Tmut/Pois      9%         N/A       50%         3
 Ignite Poison            Fire/Tmut/Pois 9%         N/A       52%         3
 Ozocubu's Armour         Ice            8%         N/A       54%         3
 Lightning Bolt           Conj/Air       13%        1d26      71%         5
 Freezing Cloud           Conj/Ice/Air   10%        6-21      88%         5
 Anguish                  Hex/Necr       4%         N/A       91%         4
 Summon Ice Beast         Ice/Summ       8%         N/A       91%         4
 Metabolic Englaciation   Hex/Ice        4%         N/A       99%         5
 Summon Mana Viper        Hex/Summ       8%         N/A       99%         5
 Simulacrum               Ice/Necr       4%         N/A       100%        6
 Monstrous Menagerie      Summ           4%         N/A       100%        7
 Ozocubu's Refrigeration  Ice            4%         4d5       100%        7
 Lehudib's Crystal Spear  Conj/Erth      24%        10d7      100%        8
 Maxwell's Capacitive Co  Air            4%         ∞         100%        8
 Polar Vortex             Ice            4%         N/A       100%        9


Dungeon Overview and Level Annotations

Branches:
Dungeon (11/15)            Temple (1/1) D:5             Orc (0/2) D:11
Ossuary (visited)          Bailey (visited)
   Lair: D:8-11

Altars:
Ashenzari
Cheibriados
Dithmenos
Elyvilon
Fedhas
Gozag
Hepliaklqana
Kikubaaqudgha
Makhleb
Nemelex Xobeh
Okawaru
Qazlal
Ru
Sif Muna
Trog
Uskayaw
Vehumet
Wu Jian
Xom
Yredelemnul
Zin
The Shining One

Shops:
D:7 *(=[   D:8 *

Annotations:
D:4 2 transporters, Ablot's ghost, amateur GnWr
D:11 Erica


Innate Abilities, Weirdness & Mutations

You are immune to sickness and miasma.
Your stone body is resilient. (AC +8)
You are immune to poison.
You resist negative energy. (rN+)
You are resistant to electric shocks. (rElec)
You are resistant to unholy torment.
You are immune to petrification.


Message History

The stone arrow hits the two-headed ogre!
The two-headed ogre is moderately wounded.
Erica casts a spell at you.
You are confused.
The two-headed ogre hits you but does no damage. x2
Erica casts a spell at you.
The bolt of poison hits you but does no damage.
You resist.
In your confused state, you trip and fall back down the stairs.
The hound barks!
The two-headed ogre barely misses you. The two-headed ogre closely misses you.
You're too confused to cast spells.
Unknown command.
You feel better.
The two-headed ogre hits you with a +0 giant club!!
The two-headed ogre hits you with a +0 giant spiked club!
You climb upwards.
There is a stone staircase leading down here.
Unknown command.
Casting: Stone Arrow (safe; 1% risk of failure)
Confirm with . or Enter, or press ? or * to list all spells.
Aiming: Stone Arrow (safe; 1% risk of failure)
Press: ? - help, Shift-Dir - straight line, f - two-headed ogre
Aim: a two-headed ogre, wielding a +0 giant club and a +0 giant spiked club (moderately wounded, 89% to hit)
The stone arrow hits the two-headed ogre!
The two-headed ogre is heavily wounded.
The two-headed ogre closely misses you. You block the two-headed ogre's attack.
Casting: Stone Arrow (safe; 1% risk of failure)
Confirm with . or Enter, or press ? or * to list all spells.
Aiming: Stone Arrow (safe; 1% risk of failure)
Press: ? - help, Shift-Dir - straight line, f/p - two-headed ogre
Aim: a two-headed ogre, wielding a +0 giant club and a +0 giant spiked club (heavily wounded, 89% to hit)
The stone arrow misses the two-headed ogre.
The two-headed ogre hits you with a +0 giant club!
The two-headed ogre hits you with a +0 giant spiked club!
* * * LOW HITPOINT WARNING * * *
Okay, then.
You feel yourself speed up. You block the two-headed ogre's attack.
The two-headed ogre hits you with a +0 giant spiked club!
You die...

###########'#.#...#
............#.#.<.#
#####.....#.#.#.#.#
............#.#...#
########....#.#...#
.......#....#.#.#.#
.......#.##.#.'.#.#
.......#....'.#...#
########....###.@.#
.................O#
...#......##..#...#
..................#
..................#
####..............#
#...(..........#
####..............#
..................#


You could see a two-headed ogre.

Vanquished Creatures
  Josephine (D:10)
  Joseph (D:7)
  A gargoyle (Bailey)
  An efreet (D:11)
  A hornet (D:10)
  Prince Ribbit (D:8)
  2 vampires (Bailey)
  2 shadows
  A wyvern (D:9)
  5 wraiths
  5 yaks (D:10)
  A steam dragon (D:7)
  Menkaure (D:4)
  A water moccasin (D:7)
  3 orc warriors
  An ice beast (D:5)
  A sky beast (D:6)
  3 ogres
  2 necrophages
  5 centaurs
  5 wolves
  An elf zombie (Ossuary)
  2 phantoms
  A kobold brigand (D:9)
  5 bullfrogs
  A gnoll sergeant (D:8)
  4 scorpions
  10 killer bees
  8 vampire bats (Bailey)
  9 wights (D:8)
  3 howler monkeys
  8 wolf zombies (Bailey)
  2 bullfrog zombies
  6 centaur zombies
  2 jellies
  5 hounds
  A human zombie (Ossuary)
  6 orc priests
  7 iguanas
  18 orc wizards
  A hound skeleton (D:4)
  2 mummies (Ossuary)
  Robin (D:3)
  7 gnolls
  5 adders
  A howler monkey skeleton (D:6)
  A white imp (D:7)
  An ufetubus (D:6)
  2 adder zombies (Ossuary)
  A worm (D:2)
  3 dart slugs
  56 orcs
  6 bats
  5 endoplasms
  A giant cockroach (D:1)
  11 hobgoblins
  4 jackals (D:3)
  A quokka (D:3)
  7 ball pythons
  2 frilled lizards
  16 goblins
  13 hobgoblin zombies (Ossuary)
  2 jackal zombies (Ossuary)
  6 kobolds
  5 kobold zombies (Ossuary)
  32 orc zombies
  7 rats
342 creatures vanquished.

Vanquished Creatures (others)
  7 plants
7 creatures vanquished.

Grand Total: 349 creatures vanquished

Notes
Turn   | Place    | Note
-------+----------+-------------------------------------------
     0 | D:1      | Kaptain the Gargoyle Earth Elementalist began the quest for
                  | the Orb.
     0 | D:1      | Reached XP level 1. HP: 10/10 MP: 3/3
   175 | D:1      | Reached XP level 2. HP: 16/16 MP: 0/5
   534 | D:1      | Found a faded altar of an unknown god.
   991 | D:2      | Reached skill level 1 in Fighting
   991 | D:2      | Reached skill level 1 in Conjurations
   991 | D:2      | Reached skill level 4 in Earth Magic
   991 | D:2      | Reached XP level 3. HP: 11/20 MP: 6/6
  1005 | D:2      | Learned a level 3 spell: Stone Arrow
  1240 | D:2      | Reached skill level 1 in Armour
  1472 | D:2      | Reached XP level 4. HP: 25/25 MP: 7/7
  2498 | D:3      | Reached XP level 5. HP: 30/30 MP: 9/9
  2913 | D:3      | Reached skill level 1 in Shields
  3040 | D:3      | Identified the +0 pair of boots of Narcissism {rPois}
  3387 | D:4      | Reached XP level 6. HP: 35/35 MP: 9/10
  3524 | D:4      | Noticed Menkaure
  3544 | D:4      | Killed Menkaure
  3545 | D:4      | Reached skill level 5 in Earth Magic
  3874 | D:4      | Noticed Robin
  3913 | D:3      | Reached XP level 7. HP: 18/40 MP: 12/12
  4113 | D:3      | Killed Robin
  4230 | D:4      | Found a transporter.
  4236 | D:4      | Found a transporter.
  4251 | D:4      | Noticed Ablot's ghost (amateur GnWr)
  4360 | D:4      | Identified the +4 buckler of Jaahif {Int-2 Dex+6}
  5499 | D:5      | Entered Level 5 of the Dungeon
  5851 | D:5      | Reached XP level 8. HP: 48/48 MP: 13/14
  5961 | D:5      | Found a staircase to the Ecumenical Temple.
  5973 | Temple   | Entered the Ecumenical Temple
  6214 | D:5      | Reached skill level 6 in Earth Magic
  7110 | D:6      | Found a sand-covered staircase.
  7120 | Ossuary  | Entered an ossuary
  7542 | Ossuary  | Reached skill level 5 in Fighting
  7542 | Ossuary  | Reached skill level 5 in Conjurations
  7699 | D:6      | Reached XP level 9. HP: 45/54 MP: 16/16
  7792 | D:6      | Reached skill level 5 in Spellcasting
  7792 | D:6      | Reached skill level 7 in Earth Magic
  8831 | D:7      | Found an opulent altar of Gozag.
  8913 | D:7      | Found a flagged portal.
  8929 | Bailey   | Entered a bailey
  9510 | Bailey   | Reached skill level 8 in Earth Magic
  9658 | Bailey   | Noticed a gargoyle
  9689 | Bailey   | Killed a gargoyle
  9690 | Bailey   | Reached XP level 10. HP: 49/61 MP: 10/19
 10455 | D:7      | Found Tetusch's Jewellery Shop.
 10640 | D:7      | Bought a ring of see invisible for 180 gold pieces
 10640 | D:7      | Found a white marble altar of Elyvilon.
 10641 | D:7      | Found a hide-covered altar of Uskayaw.
 10641 | D:7      | Found a glowing silver altar of Zin.
 10816 | D:7      | Found Munig's Antique Weapon Emporium.
 10818 | D:7      | Found Misexayll's Assorted Antiques.
 11043 | D:7      | Found Pejomyli's Antique Armour Boutique.
 11391 | D:7      | Noticed Joseph
 11399 | D:7      | Killed Joseph
 11400 | D:7      | Reached skill level 5 in Armour
 11586 | D:8      | Noticed Prince Ribbit
 11590 | D:8      | Killed Prince Ribbit
 11591 | D:8      | Reached skill level 9 in Earth Magic
 11608 | D:8      | Reached skill level 5 in Shields
 11973 | D:8      | Found Ymeo's Elemental Accessories.
 12125 | D:8      | Identified the +3 ring mail "Inibaq" {rN+}
 12799 | D:9      | Found a glowing golden altar of the Shining One.
 13321 | D:9      | Reached XP level 11. HP: 68/68 MP: 21/21
 13467 | D:9      | Found a broken altar of Ashenzari.
 13467 | D:9      | Found an iron altar of Okawaru.
 13904 | D:10     | Entered Level 10 of the Dungeon
 14317 | D:10     | Noticed Josephine
 14326 | D:10     | Killed Josephine
 14660 | D:10     | Reached skill level 10 in Earth Magic
 16229 | D:11     | Found a staircase to the Orcish Mines.
 16369 | D:11     | Noticed Erica
 16450 | D:11     | Noticed a two-headed ogre
 16459 | D:10     | Mangled by a two-headed ogre

Illustrated notes

Levels and vault maps discovered:
D:1:      lightli_arrival_maybe_door_vault, layout_loops_cross,
          shapermc_ecumenical_altar_petra, minmay_tripent
D:2:      layout_basic, minmay_misc_feat_nine_boxes
D:3:      minmay_recursive_quarters, layout_rooms, kennysheep_generic_room_4
D:4:      layout_layer_cave, gammafunk_ghost_gnarly_gnolls, roderic_lattice_a,
          uniq_robin, uniq_menkaure
D:5:      layout_cave_pods, minmay_temple_entry_overgrown
D:6:      layout_loops_cross, enter_ossuary_2
D:7:      layout_gridville, mainiacjoe_overflow_alcove_4,
          gammafunk_temple_overflow_forgotten, serial_shops, shop, shop_statue,
          nicolae_shop_hallway_stairs, shop, enter_bailey_3, uniq_joseph
D:8:      layout_loops_ring, nicolae_elemental_shop, kennysheep_big_empty_room,
          serial_bayou_lagoon_a, uniq_prince_ribbit1
D:9:      layout_loops_cross, tso_metal_star, jmf_multi_god_temple
D:10:     layout_stronghold, uniq_josephine
D:11:     layout_cave_pools, erik_lair_island, hiddenorc2_lemuel,
          trove_entry_hex_spiral, roderic_roman_lattice, minmay_strange_pillars,
          grunt_gozag_statues, uniq_erica
Temple:   regret_index_temple_waves

Skill      XL: |  1  2  3  4  5  6  7  8  9 10 11 |
---------------+----------------------------------+-----
Fighting       | 1 2 3 5 6 7 8 |  8.7
Conjurations   | 1 2 3 5 6 7 8 |  8.7
Earth Magic    | 4 5 6 8 9 10 | 10.3
Armour         | 1 2 3 4 5 6 |  6.0
Dodging        | 2 3 |  3.1
Shields        | 1 2 3 4 5 |  5.2
Spellcasting   | 3 4 6 7 |  7.7
Stealth        | 3 |  3.8
Transmutations | |  0.7

Action                   |  1- 3 |  4- 6 |  7- 9 | 10-12 || total
-------------------------+-------+-------+-------+-------++-------
Melee: Hand axe          |    43 |     3 |   173 |    33 ||   252
       Mace              |       |    39 |     1 |       ||    40
       Staff             |       |     4 |       |       ||     4
       Dagger            |       |       |    45 |       ||    45
       Falchion          |       |       |       |    55 ||    55
 Cast: Sandblast         |    24 |    11 |    36 |    18 ||    89
       Stone Arrow       |       |    41 |   138 |   218 ||   397
  Use: Potion            |       |     2 |     2 |     3 ||     7
       Scroll            |       |       |    16 |     2 ||    18
 Stab: Sleeping          |     1 |     1 |     3 |     1 ||     6
Armor: Leather armour    |    23 |    35 |   165 |    41 ||   264
       Ring mail         |       |       |       |    84 ||    84
Dodge: Dodged            |    30 |    45 |   164 |    88 ||   327
Block: Buckler           |       |       |   150 |    95 ||   245
